 Dungeon Crawl Stone Soup version 0.26-a0-519-gb2f46efeda (webtiles) character file.

Game seed: 9300230824969965693

56 BeastOfSaturn the Chopper (level 3, -1/27 HPs)
             Began as a Demonspawn Gladiator on Aug 11, 2020.
             Slain by a gnoll (3 damage)
             ... on level 2 of the Dungeon.
             The game lasted 00:02:07 (1285 turns).

BeastOfSaturn the Chopper (Demonspawn Gladiator)    Turns: 1285, Time: 00:02:08

Health: -1/27      AC:  7    Str: 14    XL:     3   Next: 69%
Magic:  3/3        EV: 12    Int: 10    God:
Gold:   140        SH:  0    Dex: 14    Spells: 2/2 levels left

rFire    . . .     SeeInvis .   a - +0 war axe
rCold    . . .     Faith    .   (no shield)
rNeg     . . .     Spirit   .   l - +0 ring mail
rPois    .         Reflect  .   c - +0 helmet
rElec    .         Harm     .   k - +0 cloak
rCorr    .                      (no gloves)
MR       .....                  (no boots)
Stlth    +.........             (no amulet)
HPRegen  0.09/turn              (no ring)
MPRegen  0.08/turn              (no ring)

@: no status effects
A: demonic guardian 1, sturdy frame 1
a: no special abilities


You were on level 2 of the Dungeon.
You visited 1 branch of the dungeon, and saw 2 of its levels.

You collected 140 gold pieces.

Inventory:

Hand Weapons
 a - a +0 war axe (weapon)
Missiles
 d - 3 throwing nets (quivered)
Armour
 b - a +0 leather armour
 c - a +0 helmet (worn)
 k - a +0 cloak (worn)
 l - a +0 ring mail (worn)
Scrolls
 e - a scroll of fear {unknown}
 g - 2 scrolls of teleportation {unknown}
 h - a scroll of identify {unknown}
 j - a scroll of random uselessness {unknown}
Potions
 f - 2 potions of lignification {unknown}
 i - 3 potions of curing {unknown}


   Skills:
 * Level 2.3 Fighting
 * Level 3.7 Axes
 - Level 1.7 Throwing
 * Level 0.9 Armour
 - Level 3.0 Dodging


You had 2 spell levels left.
You didn't know any spells.
Your spell library was empty.

Dungeon Overview and Level Annotations

Branches:
Dungeon (2/15)

Altars:
Ashenzari


Innate Abilities, Weirdness & Mutations

A weak demonic guardian rushes to your aid.
Your movements are slightly less encumbered by armour. (ER -2)


Message History

Found a cloak.
There are monsters nearby!
The gnoll hits you from afar with a +0 halberd!
A worm comes into view.
The gnoll barely misses you. The gnoll completely misses you.
You see here a cloak.
You slash the gnoll!
The gnoll is heavily wounded.
The gnoll closely misses you. The gnoll barely misses you.
You hit the gnoll but do no damage.
The gnoll is heavily wounded.
The gnoll hits you with a +0 halberd!
Ouch! That really hurt!
* * * LOW HITPOINT WARNING * * *
The gnoll misses you.
A gnoll comes into view.
You swap places.
Your ufetubus hits the gnoll. x2
The gnoll dies!
The gnoll hits you.
You die...

..## ###.#####
##.....##
.).###.......#
##...##
.............# #+##
...#.#.......#
..##.#.......# ####
.###.#.......# #.. ##
#.#.......# #g#
#.#.......# #5# .
#>.....######@##....
######........g...w.#
########.##..... #...
...# ##### #.# .


You could see a worm, 2 gnolls and a friendly ufetubus (summoned).

Vanquished Creatures
  An adder (D:2)
  A dart slug (D:1)
  A leopard gecko (D:1)
  3 bats (D:1)
  3 giant cockroaches
  5 hobgoblins
  3 jackals (D:1)
  3 kobolds (D:1)
  2 frilled lizards
  3 goblins (D:1)
  10 rats (D:1)
35 creatures vanquished.

Vanquished Creatures (collateral kills)
  A gnoll (D:2)
1 creature vanquished.

Grand Total: 36 creatures vanquished

Notes
Turn   | Place    | Note
-------+----------+-------------------------------------------
     0 | D:1      | BeastOfSaturn the Demonspawn Gladiator began the quest for
                  | the Orb.
     0 | D:1      | Reached XP level 1. HP: 16/16 MP: 1/1
   234 | D:1      | Gained mutation: A weak demonic guardian rushes to your
                  | aid. [demonic ancestry]
   234 | D:1      | Reached XP level 2. HP: 19/22 MP: 2/2
   524 | D:1      | Gained mutation: Your movements are slightly less
                  | encumbered by armour. (ER -2) [demonic ancestry]
   524 | D:1      | Reached XP level 3. HP: 22/27 MP: 3/3
  1088 | D:2      | Found a shattered altar of Ashenzari.
  1285 | D:2      | Slain by a gnoll

Illustrated notes

Levels and vault maps discovered:
D:1:      mainiacjoe_arrival_reflecting_pool, layout_basic
D:2:      layout_loops_corners, marbit_many_paths, nicolae_ashenzari_panopticon

Skill      XL: |  1  2 |
---------------+-------+-----
Axes           | 3 |  3.7
Dodging        | 3 |  3.0
Fighting       | |  2.3
Throwing       | |  1.7
Armour         | |  0.9

Action                   || total
-------------------------++-------
Melee: War axe           ||    84
Armor: Leather armour    ||    23
       Ring mail         ||     8
Dodge: Dodged            ||    84

Table legend: (Time is in decaauts)
 A = Elapsed time spent in this place.
 B = Non-inter-level travel time spent in this place.
 C = Inter-level travel time spent in this place.
 D = Time resting spent in this place.
 E = Time spent auto-exploring this place.
 F = Levels seen in this place.
 G = Mean time per level.
                   A        B        C        D        E       F      G
               +--------+--------+--------+--------+--------+-----+--------+
         Total |   1314 |   1306 |      8 |      0 |   1090 |   2 |  657.0 |
       Dungeon |   1314 |   1306 |      8 |      0 |   1090 |   2 |  657.0 |
               +--------+--------+--------+--------+--------+-----+--------+

Top non-repeatable levels by time:
     D:1: 793 daAuts
     D:2: 521 daAuts
